[Event "79th UKR-ch Women 2019"]
[Site "Lutsk"]
[Date "2019.12.10"]
[Round "1"]
[White "Berdnyk, Mariia"]
[Black "Dolzhykova, Kateryna"]
[Result "1-0"]
[ECO "E73"]
[WhiteElo "2319"]
[BlackElo "2164"]
[Annotator "ChessBase"]
[PlyCount "87"]
[EventDate "2019.??.??"]
[EventCountry "UKR"]
[SourceTitle "playchess.com"]
[Source "ChessBase"]
[SourceQuality "1"]
[TimeControl "40/5400+30:1800+30"]

1. d4 Nf6 2. c4 d6 3. Nc3 g6 4. e4 Bg7 5. Be2 O-O 6. Be3 e5 7. d5 a5 8. g4 Na6 9. h4 Nc5 10. f3 c6 11. h5 Qb6 12. Qd2 a4 13. Nh3 cxd5 14. cxd5 a3 15. b3 Bd7 16. h6 Bh8 17. Nf2 Rfc8 18. O-O Qa5 19. Nb1 Qxd2 20. Bxd2 Ne8 21. Bc1 b5 22. b4 Na4 23. Nxa3 Nc3 24. Bd3 Bf6 25. Re1 Bd8 26. Bc2 Bb6 27. Bb3 Bd4 28. Bb2 Nxa2 29. Bxd4 Rxa3 30. Reb1 Rxb3 31. Rxb3 Nc1 32. Rb2 exd4 33. Ra7 Rd8 34. Rc2 Nb3 35. Nd3 f5 36. gxf5 gxf5 37. Rb2 fxe4 38. fxe4 Nf6 39. Rxb3 Nxe4 40. Rb2 Kh8 41. Rg2 Bf5 42. Nf4 Nc3 43. Ne6 Rc8 44. Ng5 1-0

[Event "79th UKR-ch Women 2019"]
[Site "Lutsk"]
[Date "2019.12.10"]
[Round "1"]
[White "Babiy, Olga"]
[Black "Tsirulnik, Maritsa"]
[Result "0-1"]
[ECO "C55"]
[WhiteElo "2258"]
[BlackElo "2119"]
[Annotator "ChessBase"]
[PlyCount "120"]
[EventDate "2019.??.??"]
[EventCountry "UKR"]
[SourceTitle "playchess.com"]
[Source "ChessBase"]
[SourceQuality "1"]
[TimeControl "40/5400+30:1800+30"]

1. e4 e5 2. Nf3 Nc6 3. Bc4 Nf6 4. d3 Be7 5. c3 O-O 6. O-O d6 7. Nbd2 Na5 8. Bb5 c5 9. Ba4 a6 10. d4 exd4 11. cxd4 Bg4 12. d5 Nd7 13. h3 Bxf3 14. Qxf3 Bf6 15. Rb1 b5 16. Bc2 c4 17. Qg3 Qc7 18. Nf3 b4 19. Bf4 Nb7 20. Rfc1 Rfe8 21. Ba4 Rxe4 22. Nd2 Rd4 23. Be3 Rxd5 24. Rxc4 Ndc5 25. Bd1 a5 26. Bf3 Be5 27. Qg4 h5 28. Qe4 Rxd2 29. Rxc5 dxc5 30. Bxd2 Rb8 31. Bxh5 Rd8 32. Be3 Qe7 33. Bf3 Rd7 34. Qc6 Bd4 35. Bf4 Nd6 36. Qa8+ Qd8 37. Qa6 Ne8 38. Qc4 Nf6 39. Bc6 Re7 40. Bg3 Re6 41. Bf3 Qe8 42. Kh2 Ne4 43. Qc2 Nxg3 44. fxg3 Re1 45. h4 Rxb1 46. Qxb1 Qe5 47. Qd3 Bxb2 48. Qd8+ Kh7 49. Qd3+ g6 50. h5 Bd4 51. hxg6+ fxg6 52. Qb3 Kg7 53. Qa4 Kf8 54. Qd7 Qh8+ 55. Qh3 c4 56. Be4 a4 57. Bxg6 Qxh3+ 58. gxh3 a3 59. Bb1 b3 60. Kg2 c3 0-1

[Event "79th UKR-ch Women 2019"]
[Site "Lutsk"]
[Date "2019.12.10"]
[Round "1"]
[White "Martynkova, Olena"]
[Black "Hrebenshchykova, Yelyzaveta"]
[Result "1-0"]
[ECO "D79"]
[WhiteElo "2243"]
[BlackElo "2029"]
[Annotator "ChessBase"]
[PlyCount "69"]
[EventDate "2019.??.??"]
[EventCountry "UKR"]
[SourceTitle "playchess.com"]
[Source "ChessBase"]
[SourceQuality "1"]
[TimeControl "40/5400+30:1800+30"]

1. d4 Nf6 2. Nf3 g6 3. g3 Bg7 4. c4 O-O 5. Bg2 c6 6. O-O d5 7. cxd5 cxd5 8. Ne5 Ng4 9. Nxg4 Bxg4 10. Nc3 Nc6 11. h3 Bd7 12. e3 e6 13. b3 Qe7 14. Bb2 Rfd8 15. Rc1 Rac8 16. Qd2 Be8 17. Rc2 f6 18. Rfc1 Bf7 19. Nb5 e5 20. dxe5 fxe5 21. Ba3 Qe6 22. h4 a6 23. Nc3 b5 24. Ne2 a5 25. Kh2 Qd7 26. Bb2 b4 27. Ng1 Be6 28. Nf3 h6 29. Rc5 Bf8 30. Rxc6 Qxc6 31. Rxc6 Rxc6 32. Nxe5 Rc7 33. Nxg6 Bg7 34. Bxg7 Rxg7 35. Nf4 1-0

[Event "79th UKR-ch Women 2019"]
[Site "Lutsk"]
[Date "2019.12.11"]
[Round "2.1"]
[White "Tsirulnik, Maritsa"]
[Black "Hrebenshchykova, Yelyzaveta"]
[Result "1/2-1/2"]
[ECO "E63"]
[WhiteElo "2119"]
[BlackElo "2029"]
[Annotator "NA"]
[PlyCount "117"]
[EventDate "2019.12.10"]
[EventType "tourn"]
[EventCountry "UKR"]
[SourceTitle "playchess.com"]
[Source "ChessBase"]
[SourceQuality "1"]
[TimeControl "40/5400+30:1800+30"]

1. d4 Nf6 2. c4 g6 3. Nf3 Bg7 4. g3 O-O 5. Bg2 d6 6. O-O Nc6 7. Nc3 a6 8. b3 e5 9. Bb2 Bg4 10. dxe5 dxe5 11. h3 Bf5 12. g4 Be6 13. Qxd8 Raxd8 14. Na4 h5 15. Nxe5 hxg4 16. Nxc6 bxc6 17. hxg4 Bxg4 18. Rfe1 Rd2 19. Bxc6 Bxe2 20. Bc3 Rc2 21. Rec1 Rxc1+ 22. Rxc1 Bg4 23. Re1 Bd7 24. Bxd7 Nxd7 25. Rd1 Bxc3 26. Nxc3 Nf6 27. Nd5 Nxd5 28. Rxd5 Re8 29. Rc5 Re2 30. Ra5 Re6 31. Kf1 Rc6 32. Ke2 Kg7 33. Ke3 Kf6 34. Kd4 Rd6+ 35. Rd5 Re6 36. Rd7 Re2 37. Rxc7 Rxa2 38. c5 Rxf2 39. Rc6+ Kf5 40. Rxa6 g5 41. b4 g4 42. c6 g3 43. Ra3 g2 44. Rg3 Ke6 45. Kc5 f5 46. Kb6 Rc2 47. c7 Kd7 48. Rg7+ Kc8 49. Rg8+ Kd7 50. b5 f4 51. c8=Q+ Rxc8 52. Rxg2 f3 53. Rd2+ Ke6 54. Kb7 Rc3 55. b6 Ke5 56. Ka7 Rb3 57. b7 Ke4 58. Rd7 f2 59. Rf7 1/2-1/2

[Event "79th UKR-ch Women 2019"]
[Site "Lutsk"]
[Date "2019.12.11"]
[Round "2.2"]
[White "Dolzhykova, Kateryna"]
[Black "Martynkova, Olena"]
[Result "1/2-1/2"]
[ECO "C47"]
[WhiteElo "2164"]
[BlackElo "2243"]
[Annotator "ChessBase"]
[PlyCount "47"]
[EventDate "2019.12.10"]
[EventType "tourn"]
[EventCountry "UKR"]
[SourceTitle "playchess.com"]
[Source "ChessBase"]
[SourceQuality "1"]
[TimeControl "40/5400+30:1800+30"]

1. e4 e5 2. Nf3 Nc6 3. Nc3 Nf6 4. d4 exd4 5. Nxd4 Bb4 6. Nxc6 bxc6 7. Bd3 d5 8. exd5 cxd5 9. O-O O-O 10. Bg5 c6 11. Qf3 Bd6 12. h3 Rb8 13. Rab1 h6 14. Bf4 Rb4 15. Bxd6 Qxd6 16. Ne2 Ne4 17. Rfd1 Re8 18. c3 Ng5 19. Qg3 Qxg3 20. Nxg3 Rb6 21. Re1 Rxe1+ 22. Rxe1 Ne6 23. Nf5 Kf8 24. b4 1/2-1/2

[Event "79th UKR-ch Women 2019"]
[Site "Lutsk"]
[Date "2019.12.11"]
[Round "2.3"]
[White "Zhukova, Natalia"]
[Black "Berdnyk, Mariia"]
[Result "1-0"]
[ECO "E77"]
[WhiteElo "2324"]
[BlackElo "2319"]
[Annotator "NA"]
[PlyCount "63"]
[EventDate "2019.12.10"]
[EventType "tourn"]
[EventCountry "UKR"]
[SourceTitle "playchess.com"]
[Source "ChessBase"]
[SourceQuality "1"]
[TimeControl "40/5400+30:1800+30"]

1. c4 g6 2. e4 Bg7 3. d4 d6 4. Nc3 Nf6 5. f4 c5 6. d5 O-O 7. Nf3 e6 8. dxe6 fxe6 9. Bd3 Nc6 10. O-O Nd4 11. Bd2 e5 12. Nxd4 exd4 13. Nd5 Nxd5 14. cxd5 a6 15. a4 Bd7 16. Qe1 Re8 17. Qg3 c4 18. Bxc4 Rxe4 19. Bd3 Re8 20. f5 Bxf5 21. Bxf5 gxf5 22. Rxf5 Qd7 23. Qg4 Re7 24. Raf1 Kh8 25. Qh4 Rae8 26. Rh5 Be5 27. Rhf5 Bg7 28. Rh5 Be5 29. Rhf5 Bg7 30. Bh6 Re4 31. Qxe4 Bxh6 32. Qxd4+ 1-0

[Event "79th UKR-ch Women 2019"]
[Site "Lutsk"]
[Date "2019.12.11"]
[Round "2.4"]
[White "Doluhanova, Evgeniya"]
[Black "Osmak, Iulija"]
[Result "1/2-1/2"]
[ECO "C55"]
[WhiteElo "2293"]
[BlackElo "2388"]
[Annotator "NA"]
[PlyCount "188"]
[EventDate "2019.12.10"]
[EventType "tourn"]
[EventCountry "UKR"]
[SourceTitle "playchess.com"]
[Source "ChessBase"]
[SourceQuality "1"]
[TimeControl "40/5400+30:1800+30"]

1. e4 e5 2. Nf3 Nc6 3. Bc4 Nf6 4. d3 Be7 5. O-O d6 6. c3 O-O 7. b4 Kh8 8. Ng5 d5 9. exd5 Nxd5 10. Qh5 Bxg5 11. Bxg5 f6 12. Bd2 Nb6 13. Bb3 Qxd3 14. Be3 Qf5 15. Qe2 Qg6 16. Na3 Bf5 17. Rfd1 Rfd8 18. Rxd8+ Rxd8 19. Rd1 Bh3 20. Rxd8+ Nxd8 21. f3 Be6 22. Qd1 Qe8 23. Nb5 Nd5 24. Bxd5 Qxb5 25. Bb3 Bxb3 26. Qxd8+ Bg8 27. h3 Qc6 28. Bc5 b6 29. Bf8 Qc4 30. a4 Qf7 31. a5 h6 32. Be7 bxa5 33. bxa5 c6 34. Bc5 a6 35. Qc8 Qc4 36. Qxc6 Qxc3 37. Qb6 Qc1+ 38. Kh2 Qf4+ 39. Kh1 Bc4 40. Qb8+ Kh7 41. Qb1+ Kh8 42. Qb8+ Bg8 43. Qa7 Qc1+ 44. Kh2 Qc4 45. Bf8 Bf7 46. Qb7 Kg8 47. Qb4 Qd3 48. Qd6 Qc4 49. Qb4 Qc8 50. Bd6 Kh7 51. Bf8 h5 52. Bc5 Qf5 53. Bf8 Qg6 54. Qb6 Bc4 55. Qc5 Bb5 56. Qf2 Kg8 57. Bc5 Qf5 58. Be3 Bc4 59. Qe1 Kh7 60. Qf2 Bd5 61. Qe2 Bb7 62. Qd1 e4 63. Qb1 Qe5+ 64. f4 Qc3 65. Qb6 Bd5 66. Qc5 Qd3 67. Bd4 Bf7 68. Be3 Qe2 69. Qd4 Bg6 70. Qd2 Qb5 71. Bb6 Bf7 72. Qe3 Qf5 73. Bc5 Bc4 74. Bb6 Bd3 75. Kg1 Qb5 76. Kh2 Kg6 77. Qg3+ Kf7 78. Qf2 Qf5 79. Qa2+ Kg6 80. Be3 Qb5 81. Qd2 Qb1 82. Qc1 Qa2 83. Qd2 Qb3 84. Qe1 Bb5 85. Qg3+ Kf7 86. Bb6 Qd5 87. Qf2 Bc6 88. Qc5 Ke6 89. Qxd5+ Kxd5 90. h4 Kc4 91. Kg1 Kd3 92. Kf2 e3+ 93. Bxe3 Bxg2 94. Bb6 Bc6 1/2-1/2

[Event "79th UKR-ch Women 2019"]
[Site "Lutsk"]
[Date "2019.12.11"]
[Round "2.5"]
[White "Babiy, Olga"]
[Black "Rakhmangulova, Anastasiya"]
[Result "1-0"]
[ECO "B12"]
[WhiteElo "2258"]
[BlackElo "2215"]
[Annotator "NA"]
[PlyCount "95"]
[EventDate "2019.12.10"]
[EventType "tourn"]
[EventCountry "UKR"]
[SourceTitle "playchess.com"]
[Source "ChessBase"]
[SourceQuality "1"]
[TimeControl "40/5400+30:1800+30"]

1. e4 c6 2. d4 d5 3. e5 Bf5 4. h4 Qc7 5. g4 Bd7 6. Nc3 e6 7. f4 h5 8. gxh5 Nh6 9. Bh3 Nf5 10. Bxf5 exf5 11. Be3 Be7 12. Qf3 Be6 13. O-O-O Nd7 14. Nh3 O-O-O 15. Rdg1 Rdg8 16. Ng5 Nf8 17. Bd2 Rh6 18. Ne2 Rgh8 19. Ng3 c5 20. dxc5 Bxc5 21. Rd1 d4 22. Nxe6 fxe6 23. Be1 g6 24. hxg6 Nxg6 25. h5 Ne7 26. Bf2 Nc6 27. a3 Kb8 28. Kb1 Rc8 29. Ne2 Qb6 30. Rd3 Na5 31. Rhd1 Nc4 32. Rb3 Qc6 33. Qxc6 Rxc6 34. Bxd4 Bxd4 35. Nxd4 Rb6 36. Rxb6 Nxb6 37. Rg1 Nd5 38. Rg6 Rxh5 39. Nxe6 Kc8 40. c4 Ne3 41. Rg7 Rh6 42. Nd4 Nxc4 43. Nxf5 Rh2 44. Kc1 Re2 45. b3 Re1+ 46. Kc2 Nxa3+ 47. Kd2 Rf1 48. Nd6+ 1-0

[Event "79th UKR-ch Women 2019"]
[Site "Lutsk"]
[Date "2019.12.12"]
[Round "3.1"]
[White "Rakhmangulova, Anastasiya"]
[Black "Tsirulnik, Maritsa"]
[Result "1/2-1/2"]
[ECO "C60"]
[WhiteElo "2215"]
[BlackElo "2119"]
[Annotator "ChessBase"]
[PlyCount "96"]
[EventDate "2019.12.10"]
[EventType "tourn"]
[EventCountry "UKR"]
[SourceTitle "playchess.com"]
[Source "ChessBase"]
[SourceQuality "1"]
[TimeControl "40/5400+30:1800+30"]

1. e4 e5 2. Nf3 Nc6 3. Bb5 g6 4. c3 a6 5. Ba4 Bg7 6. d4 exd4 7. cxd4 b5 8. Bc2 d6 9. h3 Nge7 10. O-O O-O 11. d5 Na5 12. Nd4 c5 13. Ne2 Nc4 14. Nbc3 Bd7 15. b3 Nb6 16. Rb1 b4 17. Na4 Nxa4 18. bxa4 Nc8 19. f4 Nb6 20. f5 Be5 21. Bf4 f6 22. Bh6 Re8 23. Nf4 Bxf4 24. Bxf4 Nc4 25. fxg6 hxg6 26. Qd3 Ne5 27. Qg3 Kg7 28. Rf2 Qe7 29. Rbf1 Rf8 30. h4 Rf7 31. h5 g5 32. Bd1 Rh8 33. Bc1 Rh6 34. Bb2 Rf8 35. Bxe5 Qxe5 36. Qxe5 dxe5 37. g4 c4 38. a5 Rb8 39. Rb2 c3 40. Rb1 Rhh8 41. Rf2 Rhc8 42. Kg2 Bb5 43. Kf3 Bc4 44. Ke3 Rc5 45. Rc2 Rbb5 46. Rf2 Rb7 47. Rc2 Rbb5 48. Rf2 Rb7 1/2-1/2

[Event "79th UKR-ch Women 2019"]
[Site "Lutsk"]
[Date "2019.12.12"]
[Round "3.2"]
[White "Osmak, Iulija"]
[Black "Babiy, Olga"]
[Result "1-0"]
[ECO "D31"]
[WhiteElo "2388"]
[BlackElo "2258"]
[Annotator "ChessBase"]
[PlyCount "77"]
[EventDate "2019.12.10"]
[EventType "tourn"]
[EventCountry "UKR"]
[SourceTitle "playchess.com"]
[Source "ChessBase"]
[SourceQuality "1"]
[TimeControl "40/5400+30:1800+30"]

1. d4 d5 2. c4 e6 3. Nc3 a6 4. cxd5 exd5 5. Qb3 c5 6. Qxd5 cxd4 7. Qxd8+ Kxd8 8. Nd5 Be6 9. Nf4 Bf5 10. g3 Nf6 11. Bg2 Nc6 12. Nf3 h6 13. O-O g5 14. Nd3 Bd6 15. h4 g4 16. Nd2 Re8 17. Nc4 Bf8 18. Bd2 Rxe2 19. Nf4 Re8 20. Rfd1 Kc7 21. Nd5+ Nxd5 22. Bxd5 Bc5 23. Bf4+ Kd7 24. Rac1 f6 25. Bxc6+ bxc6 26. Ne3 Rxe3 27. Bxe3 Bb6 28. Bxd4 Bxd4 29. Rxd4+ Ke6 30. Rxc6+ Ke5 31. Rf4 Be4 32. Rcxf6 Rc8 33. Rxe4+ Kxe4 34. Rxa6 h5 35. Ra5 Rc2 36. Rxh5 Rxb2 37. Rg5 Kf3 38. Rf5+ Ke2 39. a4 1-0

[Event "79th UKR-ch Women 2019"]
[Site "Lutsk"]
[Date "2019.12.12"]
[Round "3.3"]
[White "Berdnyk, Mariia"]
[Black "Doluhanova, Evgeniya"]
[Result "1-0"]
[ECO "A40"]
[WhiteElo "2319"]
[BlackElo "2293"]
[Annotator "ChessBase"]
[PlyCount "95"]
[EventDate "2019.12.10"]
[EventType "tourn"]
[EventCountry "UKR"]
[SourceTitle "playchess.com"]
[Source "ChessBase"]
[SourceQuality "1"]
[TimeControl "40/5400+30:1800+30"]

1. d4 Nf6 2. c4 e6 3. g3 d5 4. Nf3 Bb4+ 5. Bd2 Bd6 6. Nc3 c6 7. Qc2 O-O 8. e4 Nxe4 9. Nxe4 dxe4 10. Qxe4 b5 11. cxb5 f5 12. Qe2 cxb5 13. Bg2 a6 14. Ng5 Ra7 15. Nxe6 Bxe6 16. Qxe6+ Kh8 17. O-O Re7 18. Qb3 f4 19. Rae1 Ref7 20. Bd5 Rf6 21. Re6 Nd7 22. Rfe1 fxg3 23. fxg3 Nb6 24. Bg2 Nc4 25. R6e2 Bc7 26. Qd3 Nxd2 27. Qxd2 Bb6 28. Re4 Rd6 29. Rd1 Re8 30. Rxe8+ Qxe8 31. Kh1 Rxd4 32. Re1 Qd8 33. Qe2 h6 34. Qh5 Qf8 35. Re8 Rd1+ 36. Bf1 Rxf1+ 37. Kg2 Rf2+ 38. Kh3 Kh7 39. Rxf8 Rxf8 40. Qd5 Rf6 41. Qe4+ Kg8 42. Qa8+ Kh7 43. Qxa6 Bg1 44. Qxb5 Rf2 45. g4 Rxh2+ 46. Kg3 Rd2 47. a4 Bd4 48. b3 1-0

[Event "79th UKR-ch Women 2019"]
[Site "Lutsk"]
[Date "2019.12.12"]
[Round "3.4"]
[White "Martynkova, Olena"]
[Black "Zhukova, Natalia"]
[Result "0-1"]
[ECO "E10"]
[WhiteElo "2243"]
[BlackElo "2324"]
[Annotator "ChessBase"]
[PlyCount "80"]
[EventDate "2019.12.10"]
[EventType "tourn"]
[EventCountry "UKR"]
[SourceTitle "playchess.com"]
[Source "ChessBase"]
[SourceQuality "1"]
[TimeControl "40/5400+30:1800+30"]

1. d4 Nf6 2. c4 e6 3. Nf3 d5 4. g3 Bb4+ 5. Bd2 Be7 6. Bg2 O-O 7. O-O Nbd7 8. Bf4 dxc4 9. Nc3 Nd5 10. Nd2 N7b6 11. Nf3 c5 12. Be5 f6 13. dxc5 Bxc5 14. Ne4 Be7 15. Bd4 e5 16. Bc5 Be6 17. b3 Rc8 18. bxc4 Nxc4 19. Bxe7 Qxe7 20. Rc1 b5 21. Qb3 Na3 22. Nh4 Rxc1 23. Rxc1 Nf4 24. Qb2 Nxg2 25. Nxg2 Rc8 26. Rxc8+ Bxc8 27. Ne3 Be6 28. Nc3 a6 29. Ned5 Qd6 30. e4 Nc4 31. Qe2 Qc5 32. Qh5 Bd7 33. Qd1 Qd4 34. Qxd4 exd4 35. Ne2 d3 36. Nec3 a5 37. f3 b4 38. Nd1 Ba4 39. N5e3 Nxe3 40. Nxe3 d2 0-1

[Event "79th UKR-ch Women 2019"]
[Site "Lutsk"]
[Date "2019.12.12"]
[Round "3.5"]
[White "Hrebenshchykova, Yelyzaveta"]
[Black "Dolzhykova, Kateryna"]
[Result "1-0"]
[ECO "B33"]
[WhiteElo "2029"]
[BlackElo "2164"]
[Annotator "ChessBase"]
[PlyCount "121"]
[EventDate "2019.12.10"]
[EventType "tourn"]
[EventCountry "UKR"]
[SourceTitle "playchess.com"]
[Source "ChessBase"]
[SourceQuality "1"]
[TimeControl "40/5400+30:1800+30"]

1. e4 c5 2. Nf3 Nc6 3. d4 cxd4 4. Nxd4 Nf6 5. Nc3 e5 6. Ndb5 d6 7. Bg5 a6 8. Na3 b5 9. Nd5 Be7 10. Bxf6 Bxf6 11. c4 b4 12. Nc2 Rb8 13. b3 O-O 14. g3 g6 15. Bg2 Bg7 16. Qd2 a5 17. O-O Be6 18. Nde3 Nd4 19. Rad1 Qb6 20. Nxd4 exd4 21. Nc2 Bg4 22. Rde1 Rbe8 23. Kh1 Bc8 24. Rd1 Bb7 25. f3 f5 26. Rfe1 fxe4 27. fxe4 d3 28. Qxd3 Rf2 29. Re2 Ref8 30. Rxf2 Rxf2 31. Rf1 Rxf1+ 32. Qxf1 Qc5 33. Qf4 Be5 34. Qe3 Qc7 35. Ne1 a4 36. Nd3 axb3 37. axb3 Qa5 38. Nxe5 Qa1+ 39. Qg1 Qxe5 40. Qb1 Qd4 41. h3 Qe3 42. Qg1 Qxg1+ 43. Kxg1 Bc8 44. Kf2 Kf7 45. Ke3 Kf6 46. Kd4 Be6 47. h4 h6 48. Bf3 h5 49. Bd1 Bf7 50. Bc2 Ke6 51. Bd3 Be8 52. e5 dxe5+ 53. Kc5 Kf6 54. Kxb4 Bc6 55. Kc3 Bf3 56. b4 e4 57. Bf1 Kf5 58. Kd4 Kg4 59. Ke3 Kxg3 60. b5 Bg4 61. c5 1-0

[Event "79th UKR-ch Women 2019"]
[Site "Lutsk"]
[Date "2019.12.13"]
[Round "4.1"]
[White "Tsirulnik, Maritsa"]
[Black "Dolzhykova, Kateryna"]
[Result "1-0"]
[ECO "E62"]
[WhiteElo "2119"]
[BlackElo "2164"]
[Annotator "NA"]
[PlyCount "77"]
[EventDate "2019.12.10"]
[EventType "tourn"]
[EventCountry "UKR"]
[SourceTitle "playchess.com"]
[Source "ChessBase"]
[SourceQuality "1"]
[TimeControl "40/5400+30:1800+30"]

1. d4 Nf6 2. c4 g6 3. g3 Bg7 4. Bg2 d6 5. Nf3 O-O 6. O-O Nc6 7. Nc3 e5 8. d5 Nb8 9. Ne1 a5 10. a3 Nfd7 11. Nd3 Na6 12. Rb1 f5 13. e4 Nac5 14. b4 axb4 15. axb4 Nxe4 16. Nxe4 fxe4 17. Bxe4 Nf6 18. Bg2 Bf5 19. Rb3 Qd7 20. f3 Ra1 21. b5 e4 22. Nf4 g5 23. Ne2 exf3 24. Bxf3 Ng4 25. Qd2 Ne5 26. Qxg5 Bd3 27. Rxd3 Nxd3 28. Bf4 Rxf1+ 29. Kxf1 Qh3+ 30. Kg1 Ne1 31. Bh1 Re8 32. Nd4 Kh8 33. Ne6 Ba1 34. Bd2 h6 35. Qe3 Nc2 36. Bc3+ Kg8 37. Qd3 Rxe6 38. dxe6 Bxc3 39. Qg6+ 1-0

[Event "79th UKR-ch Women 2019"]
[Site "Lutsk"]
[Date "2019.12.13"]
[Round "4.2"]
[White "Zhukova, Natalia"]
[Black "Hrebenshchykova, Yelyzaveta"]
[Result "1-0"]
[ECO "E81"]
[WhiteElo "2324"]
[BlackElo "2029"]
[Annotator "NA"]
[PlyCount "73"]
[EventDate "2019.12.10"]
[EventType "tourn"]
[EventCountry "UKR"]
[SourceTitle "playchess.com"]
[Source "ChessBase"]
[SourceQuality "1"]
[TimeControl "40/5400+30:1800+30"]

1. d4 Nf6 2. c4 g6 3. Nc3 Bg7 4. e4 d6 5. f3 O-O 6. Bg5 c5 7. d5 h6 8. Be3 e6 9. Qd2 exd5 10. cxd5 a6 11. a4 Re8 12. Nge2 h5 13. Nd1 Nbd7 14. Nec3 Qa5 15. Ra3 Ne5 16. Be2 Nfd7 17. O-O c4 18. Nf2 Nc5 19. Nb1 Qxd2 20. Nxd2 Bd7 21. a5 Bb5 22. Bxc5 dxc5 23. f4 Ng4 24. e5 c3 25. Bxb5 axb5 26. Rxc3 Rad8 27. Nxg4 Rxd5 28. Ne4 hxg4 29. Rxc5 Rxc5 30. Nxc5 f6 31. Nxb7 fxe5 32. Nd6 Ra8 33. b4 exf4 34. Rxf4 Bf8 35. Nxb5 Rb8 36. a6 Ra8 37. a7 1-0

[Event "79th UKR-ch Women 2019"]
[Site "Lutsk"]
[Date "2019.12.13"]
[Round "4.3"]
[White "Doluhanova, Evgeniya"]
[Black "Martynkova, Olena"]
[Result "0-1"]
[ECO "C50"]
[WhiteElo "2293"]
[BlackElo "2243"]
[Annotator "NA"]
[PlyCount "88"]
[EventDate "2019.12.10"]
[EventType "tourn"]
[EventCountry "UKR"]
[SourceTitle "playchess.com"]
[Source "ChessBase"]
[SourceQuality "1"]
[TimeControl "40/5400+30:1800+30"]

1. e4 e5 2. Nf3 Nc6 3. Bc4 Bc5 4. d3 Nf6 5. h3 h6 6. O-O d6 7. c3 Bb6 8. a4 a6 9. Re1 g5 10. Nh2 g4 11. hxg4 Rg8 12. Qf3 Qe7 13. Be3 Bxe3 14. Qxe3 Nxg4 15. Nxg4 Bxg4 16. b4 Nd8 17. Nd2 Ne6 18. Bxe6 Bxe6 19. b5 a5 20. d4 Qg5 21. Qxg5 hxg5 22. d5 Bd7 23. b6 Ke7 24. Reb1 c6 25. c4 c5 26. f3 g4 27. Kf2 Rh8 28. fxg4 Bxg4 29. Ra3 Bd7 30. Nf3 Rag8 31. Nd2 Rh2 32. Rg3 Rxg3 33. Kxg3 Rh8 34. Ra1 Ra8 35. Nb3 Ra6 36. Kf2 Rxb6 37. Nxa5 Ra6 38. Nxb7 Ra7 39. Rb1 Bc8 40. Nxd6 Kxd6 41. Rb6+ Ke7 42. Rc6 Bd7 43. d6+ Ke6 44. Rxc5 Rxa4 0-1

[Event "79th UKR-ch Women 2019"]
[Site "Lutsk"]
[Date "2019.12.13"]
[Round "4.4"]
[White "Babiy, Olga"]
[Black "Berdnyk, Mariia"]
[Result "1-0"]
[ECO "B09"]
[WhiteElo "2258"]
[BlackElo "2319"]
[Annotator "NA"]
[PlyCount "73"]
[EventDate "2019.12.10"]
[EventType "tourn"]
[EventCountry "UKR"]
[SourceTitle "playchess.com"]
[Source "ChessBase"]
[SourceQuality "1"]
[TimeControl "40/5400+30:1800+30"]

1. e4 g6 2. d4 Bg7 3. Nc3 d6 4. f4 Nf6 5. Nf3 c5 6. dxc5 Qa5 7. Bd3 Qxc5 8. Qe2 O-O 9. a3 Nc6 10. Be3 Qa5 11. O-O Ng4 12. Bd2 Nd4 13. Nxd4 Bxd4+ 14. Kh1 Qh5 15. h3 Nf6 16. Qxh5 Nxh5 17. Kh2 f5 18. Rae1 fxe4 19. Rxe4 e5 20. Bc4+ Kg7 21. fxe5 Rxf1 22. Rxd4 dxe5 23. Rd8 Be6 24. Rxa8 Bxc4 25. Rxa7 Rf7 26. Be3 Nf6 27. Ra5 Re7 28. Rc5 Bf7 29. a4 Be8 30. Bg5 Bc6 31. b4 Re8 32. Bxf6+ Kxf6 33. b5 Bd7 34. Ne4+ Ke6 35. Rc7 Bc8 36. c4 Rf8 37. a5 {[%emt 0:01:14] Kd5} 1-0

[Event "79th UKR-ch Women 2019"]
[Site "Lutsk"]
[Date "2019.12.13"]
[Round "4.5"]
[White "Rakhmangulova, Anastasiya"]
[Black "Osmak, Iulija"]
[Result "0-1"]
[ECO "C77"]
[WhiteElo "2215"]
[BlackElo "2388"]
[Annotator "NA"]
[PlyCount "42"]
[EventDate "2019.12.10"]
[EventType "tourn"]
[EventCountry "UKR"]
[SourceTitle "playchess.com"]
[Source "ChessBase"]
[SourceQuality "1"]
[TimeControl "40/5400+30:1800+30"]

1. e4 e5 2. Nf3 Nc6 3. Bb5 a6 4. Ba4 Nf6 5. Nc3 d6 6. Bxc6+ bxc6 7. d4 exd4 8. Qxd4 c5 9. Qa4+ Bd7 10. Qa5 Be7 11. e5 Ng4 12. h3 Nxe5 13. Nxe5 dxe5 14. Be3 Bc6 15. O-O Bd6 16. Rad1 c4 17. Bc5 O-O 18. Qa3 Qg5 19. Nd5 Rfd8 20. h4 Qxh4 21. Ne7+ Qxe7 0-1

[Event "79th UKR-ch Women 2019"]
[Site "Lutsk"]
[Date "2019.12.14"]
[Round "5.1"]
[White "Osmak, Iulija"]
[Black "Tsirulnik, Maritsa"]
[Result "1-0"]
[ECO "D31"]
[WhiteElo "2388"]
[BlackElo "2119"]
[Annotator "NA"]
[PlyCount "81"]
[EventDate "2019.12.10"]
[EventType "tourn"]
[EventCountry "UKR"]
[SourceTitle "playchess.com"]
[Source "ChessBase"]
[SourceQuality "1"]
[TimeControl "40/5400+30:1800+30"]

1. d4 d5 2. c4 e6 3. Nc3 a6 4. cxd5 exd5 5. Nf3 Be6 6. Ng5 c5 7. Nxe6 ({White should try} 7. e4 $16) 7... fxe6 8. g3 Nf6 9. Bg2 Nc6 10. dxc5 Bxc5 11. O-O O-O 12. Bg5 h6 13. Bd2 Qd7 14. Rc1 $11 Ba7 15. Na4 Qe7 16. e3 Rfd8 17. Qb3 Ne5 18. Bb4 Qf7 19. Qc3 Nfd7 20. Qc2 Nf3+ 21. Kh1 b5 22. Qd1 Nde5 23. Nc5 d4 24. e4 Bb6 25. Nd3 Nxd3 26. Qxd3 Ne5 27. Qd1 a5 28. Bc5 Qa7 29. Qh5 Nd3 30. Bxb6 Qxb6 31. Rc2 Rac8 32. Rd2 Nb4 33. a3 Rc5 34. e5 Nc6 35. f4 Ne7 36. Rfd1 Rc7 37. Be4 b4 38. Rxd4 Rcc8 39. Rd6 Rxd6 40. exd6 Qe3 41. Qe5 1-0

[Event "79th UKR-ch Women 2019"]
[Site "Lutsk"]
[Date "2019.12.14"]
[Round "5.2"]
[White "Berdnyk, Mariia"]
[Black "Rakhmangulova, Anastasiya"]
[Result "1-0"]
[ECO "D11"]
[WhiteElo "2319"]
[BlackElo "2215"]
[Annotator "NA"]
[PlyCount "55"]
[EventDate "2019.12.10"]
[EventType "tourn"]
[EventCountry "UKR"]
[SourceTitle "playchess.com"]
[Source "ChessBase"]
[SourceQuality "1"]
[TimeControl "40/5400+30:1800+30"]

1. d4 d5 2. c4 c6 3. Nf3 Nf6 4. Qc2 dxc4 5. Qxc4 Bf5 6. Bf4 e6 7. g3 Nbd7 8. Nc3 $11 Nb6 9. Qb3 a5 10. Bg2 a4 11. Qd1 Nc4 12. Nxa4 Qa5+ 13. Nc3 Nxb2 14. Qb3 Na4 15. Bd2 Nxc3 16. Bxc3 Qc7 17. Nd2 Ra3 18. Qc4 Nd5 19. Bb2 Nb6 20. Qc1 Ra6 21. e4 Bg6 22. O-O Na4 23. d5 Nxb2 24. Qxb2 e5 25. Nc4 cxd5 26. exd5 Qxc4 27. Rac1 Qd4 28. Rc8+ 1-0

[Event "79th UKR-ch Women 2019"]
[Site "Lutsk"]
[Date "2019.12.14"]
[Round "5.3"]
[White "Martynkova, Olena"]
[Black "Babiy, Olga"]
[Result "1-0"]
[ECO "D02"]
[WhiteElo "2243"]
[BlackElo "2258"]
[Annotator "NA"]
[PlyCount "83"]
[EventDate "2019.12.10"]
[EventType "tourn"]
[EventCountry "UKR"]
[SourceTitle "playchess.com"]
[Source "ChessBase"]
[SourceQuality "1"]
[TimeControl "40/5400+30:1800+30"]

1. d4 d5 2. Nf3 e6 3. c4 a6 4. g3 dxc4 5. Bg2 Nc6 6. O-O Rb8 7. e4 Nf6 $11 8. Nc3 Be7 9. Qe2 b5 10. Rd1 O-O 11. Bf4 Nb4 12. Ne1 Re8 13. a3 Nc6 14. d5 exd5 15. e5 Bd6 16. exd6 Rxe2 17. dxc7 Qe8 18. cxb8=Q Nxb8 19. Nxe2 Qxe2 20. Bxb8 Qxb2 21. Ba7 Qe5 22. Bd4 Qf5 23. Bxf6 Qxf6 24. Bxd5 h5 25. Ng2 Bf5 26. Ne3 Bd3 27. a4 h4 28. axb5 axb5 29. Ra7 Bg6 30. Rb7 Qa6 31. Bxf7+ Bxf7 32. Rd8+ Kh7 33. Rxf7 h3 34. Rdd7 Qa1+ 35. Rd1 Qe5 36. Rf5 Qe8 37. Rb1 b4 38. Rxb4 c3 39. Rc5 Qa8 40. Rh4+ Kg6 41. Rxh3 Qa1+ 42. Nf1 1-0